 Dungeon Crawl Stone Soup version 0.32-a0-953-g508020473e (webtiles) character file.

Game seed: 7132135615320780850

22733 javelincjr the Warrior (level 12, -9/123 HPs)
             Began as a Minotaur Berserker on Apr 15, 2024.
             Was a High Priest of Trog.
             Mangled by a salamander
             ... wielding a +2 trident of flaming
              (11 damage)
             ... in a volcano on Apr 16, 2024.
             The game lasted 00:50:57 (10940 turns).

javelincjr the Warrior (Minotaur Berserker)        Turns: 10940, Time: 00:50:57

Health: -9/123     AC: 15    Str: 26    XL:     12   Next: 65%
Magic:  11/11      EV: 19    Int:  4    God:    Trog [*****.]
Gold:   706        SH:  0    Dex: 23    Spells: 11/11 levels left

rFire   . . .        a - +1 broad axe (vamp)
rCold   . . .        (no shield)
rNeg    . . .        X - +3 ring mail of Hopscotch {Regen+ SInv}
rPois   +            (helmet restricted)
rElec   .            x - +2 cloak {rPois}
rCorr   .            (no gloves)
SInv    +            t - +0 pair of boots
Will    .....        p - amulet of magic regeneration
Stlth   +            P - +6 ring of dexterity
HPRegen 1.20/turn    L - +6 ring of dexterity
MPRegen 0.52/turn

%: no passive effects
@: on berserk cooldown, slowed, very slow
A: horns 2, retaliatory headbutt
a: Renounce Religion, Berserk, Trog's Hand, Brothers in Arms


You were in a volcano.
You worshipped Trog.
Trog was extremely pleased with you.
You visited 2 branches of the dungeon, and saw 12 of its levels.
You also visited: Volcano.

You collected 750 gold pieces.
You spent 44 gold pieces at shops.

Inventory:

Hand Weapons
 a - a +1 vampiric broad axe (weapon)
 b - a +4 shortbow
 j - a +0 sling of flaming
 r - a +0 war axe
 w - a +2 quarterstaff of chaos
 y - a +2 dagger of holy wrath
 B - a +0 orcbow
 C - a +2 spear of pain
 N - a +3 short sword of distortion
 Q - a +0 hand axe of venom
 R - a +0 battleaxe
Missiles
 f - 102 stones (quivered)
 k - 31 poisoned darts
 n - 4 curare-tipped darts
 u - 6 datura-tipped darts
 D - 6 javelins
 F - a boomerang
 O - 6 atropa-tipped darts
Armour
 t - a +0 pair of boots (worn)
 x - a +2 cloak of poison resistance (worn)
 G - a +0 plate armour
 X - the +3 ring mail of Hopscotch (worn) {Regen+ SInv}
   (You found it on level 10 of the Dungeon)

   SInv:      It lets you see invisible.
   Regen+:    It increases your rate of health regeneration.
Jewellery
 g - a +6 ring of intelligence
 p - an amulet of magic regeneration (around neck)
 L - a +6 ring of dexterity (right hand)
 P - a +6 ring of dexterity (left hand)
 W - a ring of resist corrosion
Wands
 d - a wand of flame (61)
 z - a wand of charming (14)
 I - a wand of warping (3)
 J - a wand of polymorph (12)
Scrolls
 e - 3 scrolls of fear
 h - 2 scrolls of butterflies
 i - 4 scrolls of fog
 m - a scroll of vulnerability
 o - a scroll of poison
 s - a scroll of torment
 A - 7 scrolls of teleportation
 H - a scroll of noise
 T - a scroll of blinking
 Y - 2 scrolls of immolation
Potions
 c - 6 potions of curing
 l - 2 potions of mutation
 q - a potion of invisibility
 v - 2 potions of lignification
 E - a potion of enlightenment
 K - a potion of ambrosia
 M - a potion of brilliance
 S - a potion of magic {unknown}
 U - a potion of resistance {unknown}
 Z - a potion of cancellation


   Skills:
 * Level 16.3 Fighting
 + Level 12.1 Axes
 + Level 1.0 Ranged Weapons
 + Level 11.8 Armour
 + Level 10.8 Dodging


You had 11 spell levels left.
You didn't know any spells.
Your spell library was empty.

Dungeon Overview and Level Annotations

Branches:
Dungeon (10/15)            Temple (0/1) D:7            Lair (2/5) D:10
Volcano (1/1)
  Swamp: Lair:2-3    Shoals: Lair:2-3     Snake: Lair:2-3    Spider: Lair:2-3
    Orc: D:9-12

Altars:
Dithmenos
Ru
Sif Muna
Zin

Shops:
D:5 (*[?=


Innate Abilities, Weirdness & Mutations

You have a pair of horns on your head.
You reflexively headbutt those who attack you in melee.


Message History

The salamander hits you but does no damage.
The salamander hits you from afar with a +2 trident of flaming.
You are engulfed in flames!
The salamander burns you.
You feel the effects of Trog's Hand fading.
The salamander hits you from afar with a +1 trident of flaming.
You are engulfed in flames!
* * * LOW HITPOINT WARNING * * *
The salamander burns you.
* * * LOW HITPOINT WARNING * * *
The salamander misses you.
The salamander hits you from afar with a +1 trident of flaming!
* * * LOW HITPOINT WARNING * * *
You are engulfed in flames!
* * * LOW HITPOINT WARNING * * *
The salamander burns you.
* * * LOW HITPOINT WARNING * * *
You feel much better.
The salamander hits you with a +2 trident of flaming!
* * * LOW HITPOINT WARNING * * *
You are engulfed in flames!
* * * LOW HITPOINT WARNING * * *
The salamander burns you.
* * * LOW HITPOINT WARNING * * *
The salamander hits you but does no damage.
The salamander misses you.
Okay, then.
You bump into the rock wall.
The salamander barely misses you. The salamander completely misses you.
The salamander closely misses you.
You feel less invigorated.
You feel less confused.
Your skin stops crawling.
You feel less strong-willed.
The salamander hits you from afar with a +2 trident of flaming!
* * * LOW HITPOINT WARNING * * *
You are engulfed in flames!
* * * LOW HITPOINT WARNING * * *
The salamander burns you.
* * * LOW HITPOINT WARNING * * *
The salamander hits you from afar with a +2 trident of flaming!
* * * LOW HITPOINT WARNING * * *
You are engulfed in flames!
You die...

#.... #... #.. #.#
###### #N# ##....##
#N# ##......###N##
##......###ß.ß#
##.........#.@.#
#.....≈§.......###
##.....§≈§........#
###.....≈§§§≈.......#
#......§≈§§§§≈≈.....##
......≈≈≈≈≈§§≈§≈≈....#
.....≈≈≈§§≈§≈§≈≈≈≈...#
....≈≈§≈≈§§≈≈§≈≈≈≈..##
..§§≈≈≈≈≈≈§§≈§§≈§§..#


You could see 3 salamanders.

Vanquished Creatures
  A red draconian (Volcano)
  A hydra (Lair:2)
  3 death yaks
  A catoblepas (Lair:1)
  A two-headed ogre (D:9)
  Sonja (D:10)
  Nergalle (D:10)
  3 black mambas (Lair:2)
  Maggie (D:6)
  A gargoyle (D:8)
  7 cane toads
  3 komodo dragons
  2 rime drakes (Lair:2)
  A kobold demonologist (D:7)
  A troll (D:10)
  A polar bear (Lair:1)
  2 hornets (D:9)
  Sigmund (D:3)
  A wraith (D:10)
  The ghost of SageDae the Chopper, an amateur MDFi of Vehumet (D:4)
  2 wyverns
  30 yaks
  6 fire bats
  A steam dragon (D:8)
  Menkaure (D:5)
  10 water moccasins
  Duvessa (D:7)
  2 ice beasts (D:6)
  4 orc warriors
  A swamp drake (D:4)
  4 black bears
  3 ogres
  A centaur (D:9)
  2 phantoms (D:7)
  A kobold brigand (D:10)
  18 bullfrogs
  2 scorpions
  6 killer bees (D:10)
  2 howler monkeys (D:8)
  5 lava snakes (Volcano)
  3 hounds
  5 orc priests
  A gnoll bouda (D:7)
  Crazy Yiuf (D:3)
  3 sleepcaps
  3 iguanas
  12 orc wizards
  Terence (D:2)
  12 gnolls
  8 adders
  A ribbon worm (D:2)
  30 orcs
  9 ball pythons
  6 bats
  8 endoplasms
  A giant cockroach (D:3)
  2 hobgoblins (D:2)
  2 jackals (D:1)
  11 kobolds
  2 quokkas
  7 goblins
  5 rats
269 creatures vanquished.

Vanquished Creatures (others)
  Dowan (D:7)
1 creature vanquished.

Grand Total: 270 creatures vanquished

Notes
Turn   | Place    | Note
-------+----------+-------------------------------------------
     0 | D:1      | javelincjr the Minotaur Berserker began the quest for the
                  | Orb.
     0 | D:1      | Reached XP level 1. HP: 19/19 MP: 0/0
   236 | D:1      | You fall into a shaft and drop 1 floor!
   251 | D:2      | Reached XP level 2. HP: 27/27 MP: 1/1
   375 | D:1      | Reached skill level 4 in Fighting
   430 | D:1      | Found a faded altar of an unknown god.
   990 | D:2      | Reached XP level 3. HP: 29/33 MP: 2/2
  1325 | D:2      | Noticed Terence
  1331 | D:2      | Killed Terence
  1331 | D:2      | Reached ** piety under Trog
  1594 | D:2      | Reached XP level 4. HP: 41/41 MP: 3/3
  2054 | D:3      | Noticed Sigmund
  2062 | D:3      | Killed Sigmund
  2063 | D:3      | Reached skill level 5 in Fighting
  2063 | D:3      | Reached XP level 5. HP: 49/49 MP: 4/4
  2873 | D:3      | Found a shadowy altar of Dithmenos.
  2905 | D:3      | Found a runed translucent door.
  2909 | D:3      | Noticed Crazy Yiuf
  3039 | D:3      | Killed Crazy Yiuf
  3040 | D:3      | Reached XP level 6. HP: 49/57 MP: 5/5
  3274 | D:4      | a jelly changed into a swamp drake
  3274 | D:4      | Noticed a swamp drake
  3277 | D:4      | Killed a swamp drake
  3278 | D:4      | Reached skill level 6 in Fighting
  3278 | D:4      | Reached skill level 5 in Axes
  3493 | D:4      | Found a runed translucent door.
  3589 | D:4      | Reached XP level 7. HP: 64/64 MP: 6/6
  3593 | D:4      | Reached skill level 7 in Fighting
  4043 | D:4      | Noticed SageDae's ghost (amateur MDFi)
  4061 | D:4      | Killed SageDae's ghost
  4062 | D:4      | Reached skill level 5 in Armour
  4129 | D:5      | Entered Level 5 of the Dungeon
  4129 | D:5      | Found Emuip's Antique Weapon Boutique.
  4181 | D:5      | Found Eriecirop's Antique Armour Shop.
  4191 | D:5      | Found Okhluvele's Magic Scroll Shop.
  4286 | D:5      | Bought a scroll of fear for 44 gold pieces
  4295 | D:5      | Noticed Menkaure
  4303 | D:5      | Killed Menkaure
  4430 | D:5      | Reached skill level 8 in Fighting
  4430 | D:5      | Reached XP level 8. HP: 58/74 MP: 7/7
  4434 | D:5      | Reached skill level 5 in Dodging
  4502 | D:5      | Found a shimmering blue altar of Sif Muna.
  4627 | D:5      | Found Voevveuq's General Store.
  4709 | D:5      | Found Erhiefa's Jewellery Emporium.
  4958 | D:6      | Reached *** piety under Trog
  5053 | D:6      | Noticed Maggie
  5059 | D:6      | Reached skill level 9 in Fighting
  5063 | D:6      | Killed Maggie
  5143 | D:6      | Reached XP level 9. HP: 76/85 MP: 8/8
  5475 | D:7      | Reached skill level 10 in Fighting
  5609 | D:7      | Found a staircase to the Ecumenical Temple.
  5675 | D:7      | Noticed a kobold demonologist
  5690 | D:7      | Killed a kobold demonologist
  5726 | D:7      | Reached **** piety under Trog
  6130 | D:7      | Noticed Duvessa
  6130 | D:7      | Noticed Dowan
  6136 | D:7      | Killed Dowan
  6142 | D:7      | Killed Duvessa
  6437 | D:8      | Reached skill level 11 in Fighting
  6561 | D:8      | Noticed a gargoyle
  6570 | D:8      | Killed a gargoyle
  6571 | D:8      | Reached XP level 10. HP: 77/96 MP: 9/9
  6980 | D:8      | Found a glowing silver altar of Zin.
  7480 | D:9      | Reached skill level 12 in Fighting
  7516 | D:9      | Found a sacrificial altar of Ru.
  7850 | D:9      | Noticed a two-headed ogre
  7856 | D:9      | Killed a two-headed ogre
  8132 | D:10     | Entered Level 10 of the Dungeon
  8209 | D:10     | Found a staircase to the Lair.
  8349 | D:10     | Noticed Nergalle
  8360 | D:10     | Reached skill level 13 in Fighting
  8360 | D:10     | Noticed Sonja
  8363 | D:10     | Killed Nergalle
  8369 | D:10     | Reached XP level 11. HP: 107/107 MP: 10/10
  8740 | D:10     | Identified the +3 ring mail of Hopscotch {Regen+ SInv}
  8943 | D:10     | Killed Sonja
  8944 | D:10     | Reached skill level 10 in Axes
  9196 | Lair:1   | Entered Level 1 of the Lair of Beasts
  9263 | Lair:1   | Reached skill level 10 in Armour
  9264 | Lair:1   | Reached skill level 14 in Fighting
  9271 | Lair:1   | Noticed a catoblepas
  9291 | Lair:1   | Killed a catoblepas
  9556 | Lair:1   | Noticed a death yak
  9556 | Lair:1   | Noticed a death yak
  9557 | Lair:1   | Noticed a death yak
  9566 | Lair:1   | Killed a death yak
  9570 | Lair:1   | Killed a death yak
 10112 | Lair:2   | Reached skill level 15 in Fighting
 10176 | Lair:2   | Reached XP level 12. HP: 119/119 MP: 11/11
 10182 | Lair:2   | Reached skill level 10 in Dodging
 10234 | Lair:2   | Killed a death yak
 10468 | Lair:2   | Reached ***** piety under Trog
 10553 | Lair:2   | Noticed a four-headed hydra
 10568 | Lair:2   | Killed a four-headed hydra
 10569 | Lair:2   | Reached skill level 16 in Fighting
 10669 | Lair:2   | Upgraded the game from 0.32-a0-938-g40ac7a0f4d to
                  | 0.32-a0-953-g508020473e
 10748 | Lair:2   | Found a dark tunnel.
 10758 | Volcano  | Entered a volcano
 10910 | Volcano  | Noticed a red draconian
 10924 | Volcano  | Killed a red draconian
 10925 | Volcano  | Reached skill level 1 in Ranged Weapons
 10940 | Volcano  | HP: 2/123 [salamander/+2 trident of flaming (9)]
 10940 | Volcano  | Mangled by a salamander

Illustrated notes

Levels and vault maps discovered:
D:1:      erik_arrival_cave_to_civilisation [erik_arrival_cave_to_hall],
          layout_basic, ebering_ecumenical_altar_abandoned
D:2:      cheibrodos_helix_gallery, layout_basic, uniq_terence
D:3:      layout_basic, grunt_dithmenos_smoke, uniq_crazy_yiuf_cottage,
          uniq_sigmund
D:4:      layout_cave_pools, ebering_ghost_reflecting_pool, nicolae_half_adder
D:5:      layout_rooms, mainiacjoe_overflow_24_doors, serial_shops, shop, shop,
          nicolae_shop_trees, nicolae_shop_tiny_statue_garden,
          nicolae_stop_n_shop_1, nrook_mini_vaults, uniq_menkaure
D:6:      layout_basic, uniq_maggie
D:7:      black_bear_nest_2, layout_basic, minmay_temple_entry_poolview,
          uniq_duvessa
D:8:      layout_basic, general_overflow_altar, amcnicky_mini_pool_small
D:9:      layout_long_grid, nicolae_overflow_crystal_walls
D:10:     layout_basic, due_lair_maze_entry_diamond, uniq_nergalle, uniq_sonja
Lair:1:   layout_loops_ring, minivault_27, grunt_megastairs_2
Lair:2:   layout_gridlike, nicolae_volcano_entry_batcave
Volcano:  volcano_grotto [vgs_statue_spotlight]

Skill      XL: |  1  2  3  4  5  6  7  8  9 10 11 12 |
---------------+-------------------------------------+-----
Fighting       | 4 5 6 8 9 11 13 15 16 | 16.3
Axes           | 4 5 6 7 8 9 11 12 | 12.1
Armour         | 3 4 5 6 8 9 10 11 | 11.8
Dodging        | 3 4 6 7 8 9 10 | 10.8
Ranged Weapons | 1 |  1.0

Action                     |  1- 3 |  4- 6 |  7- 9 | 10-12 || total
---------------------------+-------+-------+-------+-------++-------
  Melee: Hand axe          |    58 |    34 |       |       ||    92
         Headbutt          |     3 |     9 |    58 |    79 ||   149
         Quarterstaff      |       |    24 |   213 |    18 ||   255
         Broad axe         |       |       |       |   336 ||   336
   Fire: Shortbow          |       |       |       |    31 ||    31
  Throw: Stone             |       |     1 |     4 |       ||     5
 Invoke: Berserk           |       |     3 |     7 |     5 ||    15
         Trog's Hand       |       |       |       |     2 ||     2
    Use: Scroll            |     6 |     3 |     6 |    10 ||    25
         Potion            |       |       |     1 |     3 ||     4
   Stab: Distracted        |       |       |     1 |       ||     1
         Sleeping          |       |       |     1 |       ||     1
         Confused          |       |       |     1 |       ||     1
         Paralysed         |       |       |     1 |       ||     1
 Armour: Animal skin       |    50 |    42 |    81 |       ||   173
         Steam dragon scal |       |       |   111 |   112 ||   223
         Ring mail         |       |       |       |   206 ||   206
  Dodge: Dodged            |    44 |    26 |   164 |   358 ||   592

Table legend: (Time is in decaauts)
 A = Elapsed time spent in this place.
 B = Non-inter-level travel time spent in this place.
 C = Inter-level travel time spent in this place.
 D = Time resting spent in this place.
 E = Time spent auto-exploring this place.
 F = Levels seen in this place.
 G = Mean time per level.
                   A        B        C        D        E       F      G
               +--------+--------+--------+--------+--------+-----+--------+
         Total |  11185 |  10564 |    621 |    557 |   7312 |  13 |  860.4 |
       Dungeon |   9405 |   8960 |    445 |    517 |   6422 |  10 |  940.5 |
          Lair |   1585 |   1410 |    175 |     40 |    861 |   2 |  792.5 |
       Volcano |    195 |    195 |      0 |      0 |     29 |   1 |  195.0 |
               +--------+--------+--------+--------+--------+-----+--------+

Top non-repeatable levels by time:
     D:3: 1314 daAuts
     D:2: 1146 daAuts
     D:7: 1027 daAuts
     D:9: 974 daAuts
    D:10: 935 daAuts
  Lair:1: 926 daAuts
     D:4: 918 daAuts
     D:8: 910 daAuts
     D:1: 802 daAuts
     D:6: 704 daAuts
     D:5: 671 daAuts
  Lair:2: 658 daAuts
 Volcano: 195 daAuts
